Map: Central Protocol

Players

LiquidTLO (TLO)

  • Race: Zerg Zerg
  • League: Grandmaster

Welmu - Winner!

  • Race: Protoss Protoss
  • League: Grandmaster

Event: NationWars III

VOD

Have the link to the VOD?

Description

Time

  • Played on: Dec. 12, 2015, 10:57 a.m.
  • Length: 7:06
Show
View Real Time Build Order
Export as new Build Order

LiquidTLO Zerg 

Build Orders: Hatch First 

Get SALT Encoding   

  12  0:00  Drone  
  13  0:12  Overlord  
  13  0:17  Drone  
  14  0:31  Drone x2  
  16  0:48  Hatchery  
  15  0:52  Drone  
  15  0:55  Drone  
  17  0:58  Drone  
  18  1:13  Spawning Pool  
  18  1:17  Drone  
  18  1:24  Drone  
  19  1:29  Extractor  
  19  1:43  Hatchery  
  19  1:45  Drone  
  19  1:51  Drone x2  
  21  2:00  Queen  
  23  2:09  Queen  
  23  2:15  Overlord  
  25  2:18  Drone  
  25  2:20  Zergling x2  
  27  2:23  Zergling x2  
  28  2:35  Drone x4  
  32  2:40  Queen  
  34  2:47  Queen  
  36  2:54  Queen  
  36  2:57  Drone  
  39  2:59  Drone  
  39  3:03  Extractor x2  
  38  3:06  Overlord  
  38  3:09  Drone  
  39  3:13  Drone x2  
  39  3:14  Drone  
  39  3:19  Overlord  
  42  3:28  Evolution Chamber  
  42  3:29  Drone  
  42  3:31  Drone x2  
  44  3:34  Drone x2  
  44  3:39  Zergling x4  
  44  3:40  Zergling x2  
  49  3:44  Drone, Extractor  
  49  3:47  Drone  
  48  3:49  Drone  
  47  4:00  Zerg Melee Weapons Level 1  
  45  4:04  Metabolic Boost  
  45  4:06  Drone x2  
  45  4:12  Drone x2  
  45  4:13  Drone  
  45  4:15  Drone  
  49  4:21  Drone  
  50  4:24  Drone x2  
  50  4:26  Zergling x2  
  50  4:27  Baneling Nest  
  50  4:29  Drone  
  53  4:33  Zergling x2  
  53  4:35  Drone  
  53  4:37  Drone x3  
  58  4:43  Overlord  
  58  4:44  Overlord  
  57  4:48  Overlord  
  57  4:50  Zergling x2  
  58  4:56  Roach Warren  
  58  4:59  Zergling x2  
  58  5:03  Zergling x2  
  58  5:04  Zergling x2  
  58  5:05  Zergling x4  
  59  5:10  Drone  
  59  5:11  Zergling x2  
  59  5:12  Zergling x2  
  59  5:13  Zergling x4  
  63  5:15  Drone x3  
  63  5:21  Zergling x4  
  67  5:23  Zergling x6  
  67  5:25  Zergling x4  
  67  5:26  Zergling x2  
  72  5:28  Drone  
  72  5:33  Zergling x2  
  72  5:35  Baneling x4  
  74  5:37  Overlord  
  74  5:38  Zergling x2  
  75  5:46  Roach  
  75  5:47  Queen x2  
  81  5:50  Baneling x6  
  81  5:57  Overlord  
  81  6:00  Overlord  
  81  6:01  Roach x2  
  81  6:03  Zergling x2  
  81  6:04  Zergling x2  
  87  6:05  Zergling x2  
  87  6:11  Drone x2  
  90  6:13  Overlord  
  90  6:14  Overlord  
  90  6:16  Ravager  
  91  6:23  Zergling x2  
  91  6:24  Zergling x4  
  86  6:27  Baneling x5  
  86  6:28  Baneling, Queen  
  84  6:35  Zergling x10  
  84  6:37  Zergling x2  
  84  6:38  Zergling x2  
  80  6:40  Zergling x2  
  80  6:42  Zergling x2  
  80  6:43  Zergling x2  
  80  6:44  Roach  
  80  6:46  Roach  
Show
View Real Time Build Order
Export as new Build Order

Welmu Protoss - Winner!

Build Orders: 1 Gate Expand 

Get SALT Encoding   

  12  0:01  Probe (Chrono Boost)  
  13  0:11  Probe (Chrono Boost)  
  14  0:19  Pylon  
  14  0:22  Probe (Chrono Boost)  
  15  0:37  Probe (Chrono Boost)  
  15  0:40  Gateway  
  16  0:48  Probe (Chrono Boost), Assimilator  
  17  0:58  Probe (Chrono Boost)  
  18  1:09  Probe (Chrono Boost)  
  19  1:22  Nexus  
  19  1:32  Cybernetics Core  
  19  1:35  Probe (Chrono Boost)  
  20  1:40  Assimilator  
  20  1:45  Probe (Chrono Boost)  
  21  1:55  Pylon  
  21  1:56  Probe (Chrono Boost)  
  22  2:06  Probe (Chrono Boost)  
  23  2:10  Warp Gate  
  23  2:13  Adept  
  25  2:17  Probe (Chrono Boost)  
  26  2:27  Probe (Chrono Boost)  
  27  2:31  Robotics Facility  
  27  2:34  Probe (Chrono Boost)  
  28  2:38  Probe (Chrono Boost)  
  28  2:40  Adept  
  31  2:45  Probe (Chrono Boost)  
  31  2:48  Probe (Chrono Boost)  
  33  2:55  Probe (Chrono Boost)  
  34  2:59  Probe (Chrono Boost)  
  34  3:00  Gateway  
  35  3:06  Probe (Chrono Boost)  
  35  3:09  Probe (Chrono Boost)  
  37  3:16  Pylon  
  38  3:20  Probe (Chrono Boost)  
  38  3:22  Mothership Core (Chrono Boost)  
  38  3:24  Observer (Chrono Boost)  
  41  3:30  Probe (Chrono Boost)  
  42  3:34  Pylon  
  42  3:36  Adept  
  42  3:39  Probe  
  45  3:42  Probe  
  46  3:49  Warp Prism (Chrono Boost)  
  46  3:50  Probe  
  46  3:54  Probe  
  50  3:58  Pylon  
  51  4:06  Probe  
  51  4:09  Gateway  
  49  4:10  Gateway  
  49  4:12  Gateway  
  47  4:18  Gateway  
  47  4:21  Gateway, Adept  
  47  4:24  Adept  
  51  4:36  Gateway  
  51  4:45  Immortal (Chrono Boost)  
  55  4:52  Sentry x2  
  59  5:10  Sentry x2  
  63  5:16  Gateway, Pylon  
  63  5:18  Pylon  
  63  5:19  Pylon  
  63  5:25  Sentry, Zealot x2  
  69  5:34  Pylon  
  69  5:39  Adept  
  69  5:40  Adept x2  
  69  5:41  Adept  
  77  5:46  Pylon x2  
  77  5:52  Pylon  
  77  5:56  Zealot x3  
  83  6:02  Adept x2  
  83  6:03  Zealot x2  
  91  6:18  Stalker  
  91  6:19  Stalker x2, Zealot  
  91  6:24  Stalker, Zealot  
  91  6:25  Zealot  
  105  6:30  Zealot  
  99  6:42  Stalker x2  
  95  6:47  Zealot x3  
  97  7:03  Stalker x2  
Tags
 
Add a new tag
Caveats
  • Supply blocks, unpowered buildings, or Contaminate may cause inaccurate times.
  • Supply counts are checked every 10 seconds.